 Dungeon Crawl Stone Soup version 0.25-a0-1133-g93ebf73 (webtiles) character file.

Game seed: 12999862317885178259, levelgen mode: deterministic

226 silenth the Conjurer (level 5, -3/28 HPs)
             Began as a Deep Elf Conjurer on May 21, 2020.
             Slain by an orc
             ... wielding a +0 mace
              (7 damage)
             ... on level 3 of the Dungeon.
             The game lasted 00:04:15 (3181 turns).

silenth the Conjurer (Deep Elf Conjurer)            Turns: 3181, Time: 00:04:15

Health: -3/28      AC:  4    Str:  5    XL:     5   Next: 69%
Magic:  7/14       EV: 13    Int: 21    God:
Gold:   92         SH:  0    Dex: 15    Spells: 4/14 levels left

rFire    . . .     SeeInvis .   u - +4 quarterstaff (chaos)
rCold    . . .     Gourm    .   (shield currently unavailable)
rNeg     . . .     Faith    .   a - +0 robe
rPois    .         Spirit   .   r - +0 helmet
rElec    .         Reflect  .   s - +0 cloak
rCorr    .         Harm     .   (no gloves)
MR       .....                  (no boots)
Stlth    ++........             (no amulet)
HPRegen  0.09/turn              (no ring)
MPRegen  0.14/turn              (no ring)

@: no status effects
A: no striking features
a: no special abilities


You were on level 3 of the Dungeon.
You were hungry.

You visited 1 branch of the dungeon, and saw 4 of its levels.

You collected 92 gold pieces.

Inventory:

Hand Weapons
 f - a +0 dagger
 o - a +1 dagger of freezing
 p - a +3 dagger
 u - a +4 quarterstaff of chaos (weapon)
Armour
 a - a +0 robe (worn)
 r - a +0 helmet (worn)
 s - a +0 cloak (worn)
Jewellery
 i - an uncursed ring of see invisible {unknown}
 w - an uncursed ring of protection from magic {unknown}
Scrolls
 b - 2 scrolls of remove curse {unknown}
 d - a scroll of random uselessness {unknown}
 g - a scroll of fog {unknown}
 h - a scroll of magic mapping {unknown}
 j - a scroll of teleportation {unknown}
 k - 3 scrolls of identify {unknown}
 n - a scroll of enchant armour {unknown}
Potions
 c - 2 potions of magic {unknown}
 l - a potion of might {unknown}
 m - a potion of flight {unknown}
 q - 2 potions of stabbing {unknown}
 t - a potion of brilliance {unknown}
Comestibles
 e - 6 rations


   Skills:
 - Level 2.4 Dodging
 - Level 2.4 Stealth
 + Level 5.1 Spellcasting
 * Level 6.6 Conjurations
 + Level 1.4 Hexes


You had 4 spell levels left.
You knew the following spells:

 Your Spells              Type           Power        Failure   Level  Hunger
a - Magic Dart            Conj           ####         1%          1    None
b - Searing Ray           Conj           ####..       1%          2    None
c - Dazzling Flash        Conj/Hex       ###...       6%          3    ##.....
d - Fulminant Prism       Conj/Hex       ###.......   21%         4    ####...

Your spell library contained the following spells:

 Spells                   Type           Power        Failure   Level  Hunger
 Iskenderun's Mystic Bla  Conj/Tloc      ###.....     26%         4    ####...


Dungeon Overview and Level Annotations

Branches:
Dungeon (4/15)
 Temple: D:4-7

Altars:
Cheibriados
Elyvilon
Gozag
Wu Jian


Message History

The orc misses you.
You climb upwards.
There is a stone staircase leading down here.
You closely miss the orc. The orc hits you with a +0 flail!
The orc hits you with a +0 mace.
* * * LOW HITPOINT WARNING * * *
You hit the orc. You burn the orc.
The orc is severely wounded.
The orc hits you with a +0 flail.
* * * LOW HITPOINT WARNING * * *
The orc barely misses you.
You hit the orc. You freeze the orc.
You kill the orc!
The orc hits you but does no damage.
You see here a +0 flail.
Casting: Magic Dart (safe; 1% risk of failure)
Confirm with . or Enter, or press ? or * to list all spells.
The spell is quite dangerous to cast (6% risk of failure)!
Continue anyway?
The orc hits you with a +0 mace!
You die...

#.###### ##..###.###......##.#
#......# #............#≈≈≈≈#.#
######.# #...#.######.#≈≈≈≈#.#
# #.# #...#>######.≈≈≈≈≈#.# #
#.#####...#..(.....≈≈≈≈≈..# #
#.#........#######≈≈≈≈≈#### #
#####.#.###......# #≈≈≈≈))# #
#..............#.# ##≈≈≈≈#.# #
#.###.#.####.#@#.# #≈≈≈≈≈#.#
###.# #.#.# #..#o#.# #≈≈≈≈≈#.#
....###.#.# #.##w#.# #≈≈≈≈.#.#
######....###.##.#.# #≈≈≈≈.#.#
###.#^........#.# #≈≈≈≈.#.#
#...#...##.####.# #≈≈≈≈≈#.#
#.#####.........# #≈≈≈≈≈#.#
####...#...##.###..#####≈≈≈≈#.#
.......#.####...........≈≈≈≈≈.#


You could see a dart slug and an orc.

Vanquished Creatures
  Crazy Yiuf (D:2)
  An orc priest (D:4)
  Robin (D:2)
  5 adders
  A worm (D:2)
  7 dart slugs
  3 leopard geckos
  9 orcs
  7 bats
  3 giant cockroaches
  11 goblins
  9 hobgoblins
  5 jackals (D:2)
  5 kobolds
  A quokka (D:2)
  4 frilled lizards
  9 rats
82 creatures vanquished.

Notes
Turn   | Place    | Note
-------+----------+-------------------------------------------
     0 | D:1      | silenth the Deep Elf Conjurer began the quest for the Orb.
     0 | D:1      | Reached XP level 1. HP: 10/10 MP: 6/6
   232 | D:1      | Reached XP level 2. HP: 15/15 MP: 6/8
   377 | D:1      | Reached skill level 5 in Conjurations
   556 | D:1      | Learned a level 2 spell: Searing Ray
   919 | D:2      | Reached XP level 3. HP: 19/19 MP: 5/10
  1099 | D:2      | Reached skill level 4 in Spellcasting
  1443 | D:2      | Reached XP level 4. HP: 23/24 MP: 7/12
  1628 | D:2      | Found a runed translucent door.
  1629 | D:2      | Noticed Crazy Yiuf
  1696 | D:2      | Noticed Robin
  1703 | D:2      | Killed Robin
  1873 | D:2      | Reached skill level 6 in Conjurations
  2021 | D:2      | Found a white marble altar of Elyvilon.
  2134 | D:2      | Killed Crazy Yiuf
  2134 | D:2      | Reached XP level 5. HP: 23/28 MP: 10/14
  2191 | D:2      | Learned a level 3 spell: Dazzling Flash
  2196 | D:2      | Learned a level 4 spell: Fulminant Prism
  2275 | D:3      | Found a snail-covered altar of Cheibriados.
  2369 | D:3      | Found an ornate altar of the Wu Jian Council.
  2677 | D:3      | Found an opulent altar of Gozag.
  3038 | D:4      | Reached skill level 5 in Spellcasting
  3038 | D:4      | Reached skill level 1 in Hexes
  3181 | D:3      | Slain by an orc

Illustrated notes

Levels and vault maps discovered:
D:1:      sevenhm_arrival_forest_fort_large_4, layout_rooms, minmay_cupped
D:2:      layout_basic, marbit_many_paths, minmay_misc_feat_square,
          solitary_fountain, grunt_decor_one_mirror, uniq_crazy_yiuf_cottage,
          uniq_robin
D:3:      wander_river, layout_loops_ring, lemuel_crystal_altar,
          lemuel_crystal_altar, grunt_gozag_statues
D:4:      kennysheep_slugbush, layout_basic, uniq_ijyb

Skill      XL: |  1  2  3  4  5 |
---------------+----------------+-----
Conjurations   | 5 6 |  6.6
Spellcasting   | 4 5 |  5.1
Hexes          | 1 |  1.4
Dodging        | |  2.4
Stealth        | |  2.4

Action                   |  1- 3 |  4- 6 || total
-------------------------+-------+-------++-------
Melee: Dagger            |    17 |     9 ||    26
       Quarterstaff      |       |    11 ||    11
 Cast: Magic Dart        |    76 |    69 ||   145
       Searing Ray       |       |     2 ||     2
       Dazzling Flash    |       |     1 ||     1
 Stab: Sleeping          |       |     1 ||     1
  Eat: Chunk             |     1 |     5 ||     6
Armor: Robe              |     9 |    10 ||    19
Dodge: Dodged            |    21 |    22 ||    43

Table legend:
 A = Non-vault XP
 B = Vault XP
 C = Vault XP percentage of total XP
 D = Non-vault monster count
 E = Vault monster count
 F = Vault count percentage of total count
                 A         B        C        D         E       F
            +---------+---------+-------+---------+---------+-------
      Total |     208 |     115 |  35.6 |      61 |      21 |  25.6
            +---------+---------+-------+---------+---------+-------
        D:1 |      23 |       8 |  25.8 |      14 |       4 |  22.2
        D:2 |      85 |      91 |  51.7 |      25 |      13 |  34.2
        D:3 |      40 |       0 |   0.0 |      18 |       0 |   0.0
        D:4 |      60 |      16 |  21.1 |       4 |       4 |  50.0
            +---------+---------+-------+---------+---------+-------
